 Dungeon Crawl Stone Soup version 0.18.1-6-gd335043 (webtiles) character file.

115 Gorice the Charmwright (level 5, 0/58 HPs)
             Began as a Human Skald on May 18, 2016.
             Was an Initiate of the Shining One.
             Slain by Leszczynek's ghost (13 damage)
             ... on level 3 of the Dungeon.
             The game lasted 00:08:47 (2631 turns).

Gorice the Charmwright (Human Skald)                Turns: 2631, Time: 00:08:48

Health: 0/58       AC: 22    Str: 13    XL:     5   Next: 20%
Magic:  8/8        EV:  2    Int: 12    God:    the Shining One [......]
Gold:   68         SH:  0    Dex: 13    Spells: 1 memorised, 7 levels left

rFire  . . .     SeeInvis .     a - +0 falchion
rCold  . . .     Gourm    .     (armour currently unavailable)
rNeg   + + +     Faith    .     (no shield)
rPois  +         Spirit   .     (helmet currently unavailable)
rElec  .         Dismiss  .     (cloak currently unavailable)
rCorr  .         Reflect  .     (gloves currently unavailable)
SustAt .         Harm     .     (boots currently unavailable)
MR     .....     NoTele   +     (no amulet)
Stlth  +.........               (no ring)
                                (no ring)

@: lethally poisoned (0 -> -2), tree-form, glowing, not resistant to hostile
enchantments, very unstealthy
A: no striking features
a: Renounce Religion


You were on level 3 of the Dungeon.
You worshipped the Shining One.
The Shining One was noncommittal.
You were hungry.
You were a tree.
You visited 1 branch of the dungeon, and saw 3 of its levels.

You collected 68 gold pieces.

Inventory:

Hand Weapons
 a - a +0 falchion (weapon)
Missiles
 j - 25 sling bullets
 p - 3 tomahawks (quivered)
 Z - 66 stones
Armour
 b - a +0 leather armour
 i - a +0 chain mail (melded)
Wands
 l - a wand of lightning (0/15)
Scrolls
 h - 2 scrolls of remove curse
 n - a scroll of identify {unknown}
 r - a scroll of amnesia {unknown}
 s - a scroll of blinking {unknown}
 t - a scroll of teleportation {unknown}
Potions
 e - a potion of magic {unknown}
 f - 2 potions of lignification {!q}
 g - a potion of might {unknown}
 m - a potion of brilliance {unknown}
Books
 c - a book of Battle
Comestibles
 d - 3 bread rations {!e}
 k - 2 slices of pizza
 o - 2 chunks of flesh
 q - a meat ration {!e}


   Skills:
 - Level 2.6 Fighting
 * Level 2.7 Long Blades
 + Level 2.2 Armour
 - Level 2.0 Dodging
 - Level 2.4 Spellcasting
 - Level 3.4 Charms


You had 7 spell levels left.
You knew the following spells:

 Your Spells              Type           Power        Failure   Level  Hunger
a - Infusion              Chrm           #...         8%          1    ##.....


Dungeon Overview and Level Annotations

Branches:
Dungeon (3/15)

Altars:
Ashenzari
Kikubaaqudgha
Makhleb
Ru
The Shining One

Annotations:
D:3 Leszczynek's ghost, amateur HuCK


Message History

Damage: 2 (max 3) Evoke which item? (* to show all) (? for menu, Esc to quit)
Zapping:
l - a wand of lightning {zapped: 8} (will waste charges)
Press: ? - help, Shift-Dir - straight line Nothing appears to happen.
The adder barely misses you.
You slash the adder!
The adder is almost dead.
The adder bites you but does no damage.
You feel sick. The adder bites you but does no damage.
You closely miss the adder.
The adder is almost dead.
The adder bites you but does no damage. x2
You barely miss the adder.
The adder is almost dead.
You feel sick. The adder bites you.
* * * LOW HITPOINT WARNING * * *
You are more poisoned.
The adder poisons you!
Damage: 2 (max 3)
You hit the adder.
You kill the adder!
Your chain mail prevents you from hitting Leszczynek's ghost.
Leszczynek's ghost is severely damaged.
You feel sick.
Leszczynek's ghost hits you but does no damage.
Some of the chunks of flesh in your inventory have rotted away.
Damage: 1 (max 3)
You barely miss Leszczynek's ghost.
Leszczynek's ghost is severely damaged.
Leszczynek's ghost hits you.
* * * LOW HITPOINT WARNING * * *
Leszczynek's ghost freezes you.
* * * LOW HITPOINT WARNING * * *
Damage: 6 (max 6)
You feel sick.
You feel sick.
Damage: 1 (max 6)
You see here a bat corpse.
You feel sick.
Damage: 1 (max 6) Drink which item? (? for menu, Esc to quit)
It was a potion of lignification.
You turn into a tree.
Your +0 chain mail melds into your body.
Your roots penetrate the ground.
Leszczynek's ghost hits you but does no damage.
You hit Leszczynek's ghost but do no damage.
Leszczynek's ghost is severely damaged.
Leszczynek's ghost hits you but does no damage.
You are electrocuted!
You die...

#. #..[# ###.#
..#####[..#########...# .
.................##...####...
........#....................
........#..............#
..###..###..####.##.##.# .
#..##.##..###.##.##.#
#..#'.).##..##.##..#.#
#..##..#..##..#♣###.#.##
.W.##..#.#..##...W†.....#
.###..#._.#..###........# .
##..#.#..##.....#......#
##..#..##..##..####.###
##...##..# #..# .# .##.##..#
#... .# #. ###... ##### ## ..
....


You could see Leszczynek's ghost.

Vanquished Creatures
  Terence (D:2)
  4 adders
  A worm (D:2)
  2 dart slugs
  An orc (D:3)
  3 giant cockroaches
  9 hobgoblins
  2 jackals (D:3)
  7 kobolds
  6 bats
  A giant newt (D:2)
  5 goblins
  4 rats (D:1)
46 creatures vanquished.

Notes
Turn   | Place    | Note
--------------------------------------------------------------
     0 | D:1      | Gorice the Human Skald began the quest for the Orb.
     0 | D:1      | Reached XP level 1. HP: 16/16 MP: 3/3
   571 | D:1      | Reached XP level 2. HP: 22/22 MP: 5/5
   911 | D:1      | Reached XP level 3. HP: 23/27 MP: 6/6
  1443 | D:2      | Noticed Terence
  1546 | D:2      | Found a shattered altar of Ashenzari.
  1697 | D:2      | Reached XP level 4. HP: 15/34 MP: 7/7
  1984 | D:2      | Killed Terence
  1984 | D:2      | Reached skill level 2 in Dodging
  2213 | D:2      | Found an ancient bone altar of Kikubaaqudgha.
  2213 | D:2      | Found a sacrificial altar of Ru.
  2214 | D:2      | Found a burning altar of Makhleb.
  2423 | D:3      | Reached skill level 2 in Armour
  2531 | D:3      | Found a glowing golden altar of the Shining One.
  2553 | D:3      | Became a worshipper of the Shining One
  2555 | D:3      | Noticed Leszczynek's ghost (amateur HuCK)
  2599 | D:3      | Reached XP level 5. HP: 28/39 MP: 8/8
  2623 | D:3      | HP: 11/39 [Leszczynek's ghost (5)]
  2629 | D:3      | HP: 8/39 [poisoned by an adder]
  2631 | D:3      | Slain by Leszczynek's ghost

Skill      XL: |  1  2  3  4 |
---------------+-------------+-----
Dodging        | 2 |  2.0
Armour         | 2 |  2.2
Fighting       | |  2.6
Long Blades    | |  2.7
Spellcasting   | |  2.4
Charms         | |  3.4

Action                   |  1- 3 |  4- 6 || total
-------------------------+-------+-------++-------
Melee: Falchion          |   108 |    66 ||   174
Throw: Stone             |    19 |       ||    19
Evoke: Wand              |       |     3 ||     3
  Use: Scroll            |     2 |       ||     2
       Potion            |       |     1 ||     1
  Eat: Chunk             |     3 |     2 ||     5
Armor: Leather armour    |    22 |     4 ||    26
       Chain mail        |       |    58 ||    58
       Skin              |       |     2 ||     2
Dodge: Dodged            |    60 |    49 ||   109

Table legend:
 A = Turns spent in this place as a percentage of turns spent in the entire game.
 B = Non-inter-level travel turns spent in this place as a percentage of non-inter-level travel turns spent in the entire game.
 C = Inter-level travel turns spent in this place as a percentage of turns spent in this place.
 D = Turns resting spent in this place as a percentage of non-inter-level travel turns spent in this place.
 E = Turns spent auto-exploring this place as a percentage of non-inter-level travel turns spent in this place.
 F = Non-inter-level travel turns spent in this place divided by the number of levels of this place that you've seen.
                   A       B       C       D       E      F
               +-------+-------+-------+-------+-------+----------------------
         Total | 100.0 | 100.0 |   0.4 |   1.4 |   7.0 | 266.3
       Dungeon | 100.0 | 100.0 |   0.4 |   1.4 |   7.0 | 266.3
               +-------+-------+-------+-------+-------+----------------------

Vault maps used:
D:1:      eino_arrival_cavern_d, fountainhead
D:2:      ashenzari_conservatory_becter, gammafunk_temple_overflow_claw,
          first_bread, uniq_terence
D:3:      tso_metal_star
